 Dungeon Crawl Stone Soup version 0.30-a0-694-g3340775977 (webtiles) character file.

Game seed: 10308751349442702779

3412 Alitron123 the Cudgeller (level 9, 0/117 HPs)
             Began as a Black Draconian Berserker on Jan 20, 2023.
             Was an Elder of Trog.
             Shot with an arrow by a centaur (4 damage)
             ... on level 8 of the Dungeon.
             The game lasted 00:13:50 (7083 turns).

Alitron123 the Cudgeller (DrBe)                     Turns: 7083, Time: 00:13:51

Health: 0/117      AC: 13    Str: 24    XL:     9   Next: 76%
Magic:  9/9        EV: 17    Int:  7    God:    Trog [****..]
Gold:   497        SH:  7    Dex: 11    Spells: 8/8 levels left

rFire   . . .      SeeInvis .    n - +4 club (spect)
rCold   . . .      Faith    .    C - +0 kite shield
rNeg    . . .      Spirit   .    (body armour unavailable)
rPois   .          Reflect  .    (helmet restricted)
rElec   +          Harm     .    l - +0 cloak
rCorr   .          Rampage  .    I - +0 pair of gloves
Will    .....                    (no boots) Stlth
                                 j - amulet of the acrobat
HPRegen 0.39/turn                i - +4 ring of protection
MPRegen 0.11/turn                y - +5 ring of evasion

@: berserking, lethally poisoned (0 -> -8), very quick
A: breathe lightning, AC +7, unfitting armour, electricity resistance,
cold-blooded, subdued magic 1
a: Breathe Lightning, Renounce Religion, Berserk, Trog's Hand, Brothers in Arms


You were on level 8 of the Dungeon.
You worshipped Trog.
Trog was greatly pleased with you.
You visited 2 branches of the dungeon, and saw 9 of its levels.

You collected 497 gold pieces.

Inventory:

Hand Weapons
 a - a +0 spear
 n - a +4 spectral club (weapon)
 r - a +2 quarterstaff of chaos
 D - a +6 heavy mace
 L - the +10 short sword of Parilyrgh {speed, rElec Int+5 Stlth+}
   (You found it on level 5 of the Dungeon)

   Int:       It affects your intelligence (+5).
   rElec:     It insulates you from electricity.
   Stlth:     It makes you more stealthy.
Missiles
 t - a throwing net (quivered)
Armour
 l - a +0 cloak (worn)
 C - a +0 kite shield (worn)
 I - a +0 pair of gloves (worn)
Jewellery
 i - a +4 ring of protection (left hand)
 j - an amulet of the acrobat (around neck)
 w - the ring "Takasob" {EV+5 Str-4 Dex+7}
   (You took it off an orc wizard on level 4 of the Dungeon)

   [ring of evasion]

   EV:        It affects your evasion (+5).
   Str:       It affects your strength (-4).
   Dex:       It affects your dexterity (+7).
 y - a +5 ring of evasion (right hand)
 E - a ring of poison resistance
 G - a ring of protection from cold
Wands
 x - a wand of iceblast (11)
 z - a wand of digging (7)
 A - a wand of flame (14)
 J - a wand of charming (9)
Scrolls
 b - 5 scrolls of magic mapping
 k - 2 scrolls of blinking
 o - 3 scrolls of teleportation
 q - a scroll of enchant weapon
 u - 4 scrolls of identify
 v - a scroll of fear
Potions
 d - a potion of haste
 e - 2 potions of invisibility
 f - 2 potions of heal wounds
 g - 2 potions of curing
 h - a potion of lignification
 m - 3 potions of brilliance
 p - a potion of might
 B - 7 potions of attraction


   Skills:
 + Level 6.7 Fighting
 + Level 7.9 Maces & Flails
 + Level 4.8 Polearms
 + Level 7.2 Dodging
 + Level 5.3 Stealth
 + Level 1.3 Shields


You had 8 spell levels left.
You didn't know any spells.
Your spell library was empty.

Dungeon Overview and Level Annotations

Branches:
Dungeon (8/15)             Temple (1/1) D:7
   Lair: D:8-11

Altars:
Ashenzari
Elyvilon
Fedhas
Gozag
Nemelex Xobeh
Ru
Vehumet
Xom
Yredelemnul
Zin
The Shining One

Annotations:
D:4 Natasha


Innate Abilities, Weirdness & Mutations

You can breathe wild blasts of lightning.
Your glossy black scales are hard. (AC +7)
You cannot fit into any form of body armour.
You are resistant to electric shocks. (rElec)
You are cold-blooded and may be slowed by cold attacks.
Your spells are a little easier to cast, but a little less powerful.


Message History

You barely miss the yak.
Your +4 spectral club hits the yak!
You are engulfed in a cloud of scalding steam.
The centaur shoots an arrow.
You block the arrow. The bullfrog misses you.
You sock the yak!
The yak is heavily wounded.
Your +4 spectral club hits the yak!
You are engulfed in a cloud of scalding steam.
The yak closely misses you. You block the yak's attack.
The steam dragon completely misses you. You block the steam dragon's attack.
A gnoll comes into view. It is wielding a +0 spear.
A gnoll comes into view. It is wielding a +0 flail.
The gnoll sergeant hits you from afar with a +2 spear of venom.
The bullfrog closely misses you.
The centaur shoots an arrow.
The arrow misses you.
The arrow hits the yak!
The yak dies!
You thump the steam dragon!
Your tail-slap misses the steam dragon.
The steam dragon is moderately wounded.
Your +4 spectral club closely misses the steam dragon.
You have got your breath back.
The centaur shoots an arrow.
The arrow hits your +4 spectral club!
Your spectral weapon shares its damage with you!
The bullfrog hits you but does no damage.
The yak gores you!
* * * LOW HITPOINT WARNING * * *
The steam dragon breathes steam at you. The ball of steam hits you!
* * * LOW HITPOINT WARNING * * *
The gnoll sergeant hits you from afar with a +2 spear of venom.
* * * LOW HITPOINT WARNING * * *
You are lethally poisoned!
You hear a shout! x2
You sock the steam dragon!
The steam dragon is severely wounded.
Your +4 spectral club hits the steam dragon!
You kill the steam dragon!
Trog accepts your kill.
You are engulfed in a cloud of scalding steam.
* * * LOW HITPOINT WARNING * * *
You feel sick.
The centaur shoots an arrow.
The arrow hits you.
You die...

.....##...#
..........#####
..[............
.g.............
...............
.....g.......
.g....F§Y.#
#.g..(@§§#
#.....##......
##.... ##...
....... .
....... .......
......c .......


You could see a yak, a gnoll sergeant, a bullfrog, a centaur, 3 gnolls and a
friendly +4 spectral club (summoned).

Vanquished Creatures
  Pikel (D:4)
  Prince Ribbit (D:6)
  Sigmund (D:5)
  A wyvern (D:7)
  2 yaks (D:8)
  A steam dragon (D:8)
  Duvessa (D:6)
  A water moccasin (D:4)
  A black bear (D:5)
  2 ice beasts
  An orc warrior (D:7)
  An ogre (D:4)
  A centaur (D:8)
  3 bullfrogs
  2 scorpions
  4 wights (D:7)
  Dowan (D:6)
  2 hounds
  2 jellies
  A gnoll bouda (D:7)
  3 orc priests
  Crazy Yiuf (D:2)
  Jessica (D:2)
  Natasha (D:4)
  3 iguanas (D:5)
  2 orc wizards
  Terence (D:2)
  8 gnolls
  6 adders
  A shadow imp (D:5)
  3 white imps (D:7)
  4 dart slugs
  22 orcs
  7 ball pythons
  9 bats
  10 endoplasms
  2 giant cockroaches
  10 goblins
  8 hobgoblins
  A quokka (D:2)
  3 frilled lizards
  7 kobolds
  8 rats
151 creatures vanquished.

Vanquished Creatures (others)
  A yak (D:8)
1 creature vanquished.

Grand Total: 152 creatures vanquished

Notes
Turn   | Place    | Note
-------+----------+-------------------------------------------
     0 | D:1      | Alitron123 the Draconian Berserker began the quest for the
                  | Orb.
     0 | D:1      | Reached XP level 1. HP: 19/19 MP: 1/1
   151 | D:1      | Reached XP level 2. HP: 7/26 MP: 2/2
   386 | D:1      | Found a faded altar of an unknown god.
   525 | D:1      | Reached ** piety under Trog
   528 | D:1      | Reached XP level 3. HP: 33/33 MP: 3/3
   847 | D:2      | Noticed Terence
   867 | D:2      | Killed Terence
  1017 | D:2      | Found a runed translucent door.
  1018 | D:2      | Noticed Crazy Yiuf
  1063 | D:2      | Reached XP level 4. HP: 40/40 MP: 4/4
  1334 | D:2      | Noticed Jessica
  1348 | D:2      | Killed Jessica
  1784 | D:2      | Killed Crazy Yiuf
  1785 | D:2      | Reached skill level 1 in Stealth
  1785 | D:2      | Reached XP level 5. HP: 18/46 MP: 5/5
  1804 | D:2      | Gained mutation: Your spells are a little easier to cast,
                  | but a little less powerful. [potion of mutation]
  1958 | D:3      | Found a blossoming altar of Fedhas.
  2750 | D:4      | Noticed a water moccasin
  2758 | D:4      | Killed a water moccasin
  2759 | D:4      | Reached skill level 1 in Maces & Flails
  2759 | D:4      | Reached XP level 6. HP: 53/53 MP: 6/6
  2784 | D:4      | Noticed Natasha
  2790 | D:4      | Killed Natasha
  2798 | D:4      | Reached *** piety under Trog
  2933 | D:4      | Identified the ring "Takasob" {EV+5 Str-4 Dex+7}
  2977 | D:4      | Noticed Natasha
  3090 | D:4      | Found a basalt altar of Yredelemnul.
  3090 | D:4      | Found a shimmering altar of Xom.
  3350 | D:4      | Noticed Pikel
  3365 | D:4      | Killed Pikel
  3366 | D:4      | Reached skill level 5 in Fighting
  3366 | D:4      | Your scales start taking on a glossy black colour.
  3366 | D:4      | Reached XP level 7. HP: 52/61 MP: 7/7
  3366 | D:4      | Gained mutation: You are resistant to electric shocks.
                  | (rElec) [Black Draconian growth]
  3371 | D:4      | Reached skill level 5 in Dodging
  3371 | D:4      | Reached XP level 8. HP: 40/69 MP: 8/8
  3626 | D:5      | Entered Level 5 of the Dungeon
  3626 | D:5      | Noticed Sigmund
  3634 | D:5      | Killed Sigmund
  3643 | D:5      | Reached skill level 5 in Maces & Flails
  3982 | D:5      | You fall into a shaft and drop 2 floors!
  4047 | D:7      | Found a flagged portal.
  4256 | D:7      | Reached **** piety under Trog
  4460 | D:7      | Reached XP level 9. HP: 44/75 MP: 9/9
  4930 | D:7      | Found a staircase to the Ecumenical Temple.
  5289 | D:7      | Found a glowing golden altar of the Shining One.
  5369 | Temple   | Entered the Ecumenical Temple
  5526 | D:6      | Noticed Prince Ribbit
  5526 | D:6      | Noticed Dowan
  5526 | D:6      | Noticed Duvessa
  5541 | D:6      | Killed Duvessa
  5543 | D:6      | Killed Dowan
  5552 | D:6      | Killed Prince Ribbit
  5854 | D:6      | Found a sacrificial altar of Ru.
  6661 | D:5      | Identified the +10 short sword of Parilyrgh {speed, rElec
                  | Int+5 Stlth+}
  6713 | D:5      | Reached skill level 5 in Stealth
  7080 | D:8      | Reached skill level 1 in Shields
  7083 | D:8      | HP: 4/117 [poisoned by a gnoll sergeant]
  7083 | D:8      | Shot with an arrow by a centaur

Illustrated notes

Levels and vault maps discovered:
D:1:      lightli_arrival_boilingwater, layout_loops_cross,
          hellmonk_ecumenical_altar_slurped_away, st_stairs_12
D:2:      minmay_general_purpose_star, layout_basic, serial_curves,
          eino_curves_03, eino_curves_03, uniq_crazy_yiuf_cottage, uniq_jessica,
          uniq_terence
D:3:      layout_loops_corners, fedhas_altar_3
D:4:      layout_loops_ring, jmf_multi_god_temple, minivault_4, uniq_pikel,
          uniq_natasha
D:5:      layout_basic, uniq_sigmund
D:6:      layout_layer_cave, kennysheep_little_box, uniq_prince_ribbit1,
          uniq_duvessa
D:7:      layout_cave_pods, nicolae_tso_swordbearing_angel,
          minmay_temple_entry_ruins, enter_bailey_8
D:8:      layout_cave_pools, mainiacjoe_overflow_alcove_4,
          mainiacjoe_overflow_alcove_1, serial_column_ruins, column_ruins_hut,
          column_ruins_open_small, column_ruins_columns_dead_end,
          column_ruins_open_small, column_ruins_grid_1, column_ruins_open_tiny,
          column_ruins_open_small, serial_shops, shop, shop,
          kennysheep_small_circle
Temple:   eino_temple_lava

Skill      XL: |  1  2  3  4  5  6  7  8  9 |
---------------+----------------------------+-----
Dodging        | 3 4 5 6 7 |  7.2
Fighting       | 4 5 6 |  6.7
Polearms       | 4 |  4.8
Stealth        | 1 3 4 5 |  5.3
Maces & Flails | 1 4 6 7 |  7.9
Shields        | 1 |  1.3

Action                   |  1- 3 |  4- 6 |  7- 9 || total
-------------------------+-------+-------+-------++-------
Melee: Spear             |   122 |    22 |       ||   144
       Tailslap          |     3 |    16 |    41 ||    60
       Club              |       |   118 |   238 ||   356
       Punch             |       |     1 |     2 ||     3
Invok: Berserk           |     1 |     3 |     3 ||     7
       Trog's Hand       |     1 |       |       ||     1
 Abil: Breathe Lightning |       |       |     3 ||     3
  Use: Potion            |       |     7 |     2 ||     9
       Scroll            |       |     5 |     8 ||    13
 Stab: Sleeping          |     3 |     2 |     4 ||     9
       Distracted        |     1 |     1 |     3 ||     5
Armor: Skin              |    47 |    41 |    63 ||   151
Dodge: Dodged            |    86 |    77 |   207 ||   370
Block: Kite shield       |       |       |    37 ||    37

Table legend: (Time is in decaauts)
 A = Elapsed time spent in this place.
 B = Non-inter-level travel time spent in this place.
 C = Inter-level travel time spent in this place.
 D = Time resting spent in this place.
 E = Time spent auto-exploring this place.
 F = Levels seen in this place.
 G = Mean time per level.
                   A        B        C        D        E       F      G
               +--------+--------+--------+--------+--------+-----+--------+
         Total |   7162 |   6672 |    490 |      0 |   5470 |   9 |  795.8 |
       Dungeon |   7160 |   6670 |    490 |      0 |   5470 |   8 |  895.0 |
        Temple |      1 |      1 |      0 |      0 |      0 |   1 |    1.0 |
               +--------+--------+--------+--------+--------+-----+--------+

Top non-repeatable levels by time:
     D:7: 1477 daAuts
     D:6: 1115 daAuts
     D:2: 1048 daAuts
     D:4: 920 daAuts
     D:3: 877 daAuts
     D:5: 868 daAuts
     D:1: 837 daAuts
     D:8: 14 daAuts
  Temple: 1 daAuts
